 Dungeon Crawl Stone Soup version 0.25-a0-1056-g2efb326896 (webtiles) character file.

Game seed: 12075473441747142096, levelgen mode: deterministic

11 Flugslaktarn the Covered (level 2, -14/27 HPs)
             Began as a Deep Dwarf Fighter on May 13, 2020.
             Demolished by an ogre
             ... wielding a +0 giant club
              (25 damage)
             ... on level 2 of the Dungeon.
             The game lasted 00:00:19 (242 turns).

Flugslaktarn the Covered (Deep Dwarf Fighter)        Turns: 242, Time: 00:00:19

Health: -14/27     AC: 10    Str: 19    XL:     2   Next: 13%
Magic:  2/2        EV:  5    Int:  8    God:
Gold:   36         SH:  9    Dex: 12    Spells: 1/1 levels left

rFire    . . .     SeeInvis .   a - +0 war axe
rCold    . . .     Gourm    .   c - +0 kite shield
rNeg     . . .     Faith    .   i - +0 chain mail
rPois    .         Spirit   .   (no helmet)
rElec    .         Reflect  .   h - +0 cloak
rCorr    .         Harm     .   (no gloves)
MR       .....                  (no boots)
Stlth    ..........             (no amulet)
HPRegen  0.00/turn              (no ring)
MPRegen  0.08/turn              (no ring)

@: non-regenerating
A: damage resistance, heal wounds, sense surroundings 1, no regeneration
a: Heal Wounds


You were on level 2 of the Dungeon.
You were not hungry.

You visited 1 branch of the dungeon, and saw 2 of its levels.

You collected 36 gold pieces.

Inventory:

Hand Weapons
 a - a +0 war axe (weapon)
Armour
 c - a +0 kite shield (worn)
 h - a +0 cloak (worn)
   (You found it on level 1 of the Dungeon)
 i - a +0 chain mail (worn)
   (You found it on level 1 of the Dungeon)
Potions
 d - 3 potions of might
 g - a potion of lignification {unknown}
Comestibles
 b - 6 chunks of flesh
 e - a ration


   Skills:
 + Level 2.8 Fighting
 * Level 2.6 Axes
 + Level 3.4 Armour
 + Level 3.4 Shields


You had one spell level left.
You didn't know any spells.
Your spell library was empty.

Dungeon Overview and Level Annotations

Branches:
Dungeon (2/15)

Altars:


Innate Abilities, Weirdness & Mutations

You are resistant to damage.
You can heal yourself by infusing magical energy.
You passively map a small area around you.
You do not regenerate.


Message History

No target in view!
No target in view!
No target in view!
No target in view!
The ogre shouts!
You hear a shout!
Found 29 arrows.
Found an escape hatch in the ceiling.
A rat comes into view.
A goblin comes into view. It is wielding a +0 dagger.
There are monsters nearby!
The ogre hits you with a +0 giant club!
You slash the ogre!
The ogre is moderately wounded.
You closely miss the rat. You block the ogre's attack.
The rat bites you but does no damage.
You hit the ogre.
The ogre is heavily wounded.
You closely miss the rat.
The ogre hits you with a +0 giant club!!
Ouch! That really hurt!
You die...

#.. , * #.# .#
..# *.#
#.#####.#####
#.#.....<(...
#.#.......... #.#
.g.......*
#######.###rO...#
, #(....#....@# ,
#...........# * ,
#.....#####.#
#.....# #... ,* *
#.[...# ##### *
#.....# ###.###
#.##### * *
###.....# ,


You could see an ogre, a goblin and a rat.

Vanquished Creatures
  3 orcs (D:2)
  A hobgoblin (D:1)
  A kobold (D:1)
  2 frilled lizards
  A rat (D:1)
8 creatures vanquished.

Notes
Turn   | Place    | Note
-------+----------+-------------------------------------------
     0 | D:1      | Flugslaktarn the Deep Dwarf Fighter began the quest for the
                  | Orb.
     0 | D:1      | Reached XP level 1. HP: 20/20 MP: 1/1
   209 | D:2      | Reached XP level 2. HP: 21/27 MP: 2/2
   231 | D:2      | Noticed an ogre
   242 | D:2      | Demolished by an ogre

Illustrated notes

Levels and vault maps discovered:
D:1:      dpeg_arrival_rooms_with_view, layout_basic, lemuel_another_geyser
D:2:      layout_basic, grunt_ministairs_14, serial_bayou_ford_a

Action                   || total
-------------------------++-------
Melee: War axe           ||    24
  Use: Scroll            ||     1
Armor: Chain mail        ||    15
       Scale mail        ||     2
Dodge: Dodged            ||     9
Block: Kite shield       ||    14

Table legend:
 A = Non-vault XP
 B = Vault XP
 C = Vault XP percentage of total XP
 D = Non-vault monster count
 E = Vault monster count
 F = Vault count percentage of total count
                 A         B        C        D         E       F
            +---------+---------+-------+---------+---------+-------
      Total |      14 |       2 |  12.5 |       7 |       1 |  12.5
            +---------+---------+-------+---------+---------+-------
        D:1 |       4 |       2 |  33.3 |       3 |       1 |  25.0
        D:2 |      10 |       0 |   0.0 |       4 |       0 |   0.0
            +---------+---------+-------+---------+---------+-------
